 Dungeon Crawl Stone Soup version 0.20.1-1-g8b1a95d (webtiles) character file.

45 cochise the Chopper (level 3, 0/36 HPs)
             Began as a Troll Berserker on Sept 12, 2017.
             Was a Believer of Trog.
             Slain by a jackal (1 damage)
             ... while paralysed
             ... on level 2 of the Dungeon.
             The game lasted 00:08:45 (1183 turns).

cochise the Chopper (Troll Berserker)               Turns: 1183, Time: 00:08:46

Health: 0/36       AC:  5    Str: 31    XL:     3   Next: 42%
Magic:  2/2        EV:  1    Int:  3    God:    Trog [**....]
Gold:   94         SH:  0    Dex:  9    Spells: 2/2 levels left

rFire    . . .     SeeInvis .   a - +0 hand axe
rCold    . . .     Gourm    +   (no shield)
rNeg     . . .     Faith    .   b - +0 animal skin
rPois    .         Spirit   .   (helmet restricted)
rElec    .         Reflect  .   (no cloak)
rCorr    .         Harm     .   (gloves unavailable)
MR       .....                  (boots unavailable)
Stlth    +.........             o - amulet of inaccuracy (curse)
Regen    0.6/turn               (no ring)
MPRegen  0.1/turn               (no ring)

@: paralysed, mighty, fainting
A: unfitting armour, claws 3, fast metabolism 3, gourmand, regeneration 1,
shaggy fur 1, tough skin 2
a: Berserk, Trog's Hand, Burn Spellbooks, Renounce Religion


You were on level 2 of the Dungeon.
You worshipped Trog.
Trog was pleased with you.
You were fainting.

You visited 1 branch of the dungeon, and saw 2 of its levels.

You collected 94 gold pieces.

Inventory:

Hand Weapons
 a - a +0 hand axe (weapon)
Armour
 b - a +0 animal skin (worn)
Jewellery
 o - a cursed amulet of inaccuracy (around neck)
Scrolls
 e - a scroll of enchant weapon {unknown}
 i - a scroll of immolation {unknown}
 l - a scroll of identify
 n - a scroll of teleportation
 q - a scroll of remove curse {unknown}
Potions
 h - a potion of might
 j - 2 potions of berserk rage {unknown}
 m - a potion of curing {unknown}
 p - a potion of agility {unknown}
Comestibles
 c - a bread ration
 d - 3 chunks of flesh
 f - a royal jelly
 g - 5 fruits
 k - 3 meat rations


   Skills:
 + Level 2.8 Fighting
 + Level 3.0 Axes
 + Level 2.8 Dodging


You had 2 spell levels left.
You didn't know any spells.

Dungeon Overview and Level Annotations

Branches:
Dungeon (2/15)

Altars:

Annotations:
D:2 Terence


Innate Abilities, Weirdness & Mutations

You are too large for most types of armour.
You have claws for hands.
Your metabolism is lightning-fast.
You like to eat raw meat.
Your natural rate of healing is unusually fast.
You are covered in fur. (AC +1)
You have very tough skin. (AC +2)


Message History

A hobgoblin comes into view. It is wielding a club.
The hobgoblin shouts!
The jackal bites you but does no damage.
The jackal bites you.
The jackal bites you but does no damage.
The jackal bites you. Terence hits you with a flail.
The jackal bites you but does no damage.
The jackal bites you but does no damage. x2
The jackal bites you.
* * * LOW HITPOINT WARNING * * *
The jackal bites you but does no damage.
The jackal bites you.
* * * LOW HITPOINT WARNING * * *
The jackal bites you but does no damage.
Terence hits you with a flail!
* * * LOW HITPOINT WARNING * * *
The jackal bites you but does no damage. x2
The jackal bites you but does no damage.
The jackal bites you.
You die...

#.# ##. #.# .# . #.# .#
.## .# ..# .# #.# .#
##.##############.######
...#............@h......
#...............@hb.g...
#.##.############h....##
#.##.# ###### #.##.#
...#.# .....# ...###
#.## #.#


You could see Terence, 3 jackals, a hobgoblin and a bat.

Vanquished Creatures
  2 worms (D:2)
  A dart slug (D:2)
  4 bats
  A giant cockroach (D:2)
  7 goblins
  A hobgoblin (D:2)
  4 jackals (D:1)
  8 kobolds
  2 frilled lizards
  4 rats
34 creatures vanquished.

Notes
Turn   | Place    | Note
-------+----------+-------------------------------------------
     0 | D:1      | cochise the Troll Berserker began the quest for the Orb.
     0 | D:1      | Reached XP level 1. HP: 22/22 MP: 0/0
   239 | D:1      | Reached XP level 2. HP: 29/29 MP: 1/1
   613 | D:1      | Paralysed by fainting for 9 turns
   629 | D:1      | Paralysed by fainting for 9 turns
   815 | D:2      | Reached XP level 3. HP: 28/36 MP: 2/2
   818 | D:2      | Reached ** piety under Trog
   954 | D:2      | Reached skill level 3 in Axes
  1174 | D:2      | Noticed Terence
  1179 | D:2      | Paralysed by fainting for 8 turns
  1182 | D:2      | HP: 1/36 [Terence/flail (8)]
  1183 | D:2      | Slain by a jackal

Skill      XL: |  1  2  3 |
---------------+----------+-----
Axes           | 3 |  3.0
Fighting       | |  2.8
Dodging        | |  2.8

Action                   || total
-------------------------++-------
Melee: Hand axe          ||   110
  Use: Scroll            ||     2
       Potion            ||     1
  Eat: Bread ration      ||     1
       Chunk             ||     1
Armor: Animal skin       ||    45
Dodge: Dodged            ||    71
